 Dungeon Crawl Stone Soup version 0.17-a0-377-gdd46233 (webtiles) character file.

25 RobertPalmer the Insei (level 3, 25/34 HPs)
             Began as a Naga Monk on Apr 1, 2015.
             Quit the game on level 1 of the Dungeon.
             The game lasted 00:00:49 (756 turns).

RobertPalmer the Insei (Naga Monk)                   Turns: 756, Time: 00:00:50

Health: 25/34      AC:  2    Str: 13    XL:     3   Next: 4%
Magic:  3/3        EV: 10    Int: 10    God:
Gold:   35         SH:  0    Dex: 14    Spells: 0 memorised, 2 levels left

rFire  . . .     SeeInvis +       - Unarmed
rCold  . . .     Clarity  .     a - +0 robe
rNeg   . . .     SustAb   .     (no shield)
rPois  +         Gourm    .     (no helmet)
rElec  .         Spirit   .     (no cloak)
rCorr  .         Warding  .     (no gloves)
rMut   .         Stasis   .     (no barding)
MR     .....                    (no amulet)
Stlth  ++........               (no ring)
                                (no ring)

@: very slow, not resistant to hostile enchantments, unstealthy
A: see invisible, deformed body, poison resistance, slowness 2, spit poison 2,
AC +1
a: Spit Poison


You were on level 1 of the Dungeon.
You were not hungry.

You visited 1 branch of the dungeon, and saw 1 of its levels.

You collected 35 gold pieces.

Inventory:

Armour
 a - a +0 robe (worn)
Scrolls
 c - a scroll of random uselessness {unknown}
 d - a scroll of identify {unknown}
Potions
 e - a potion of brilliance {unknown}
Comestibles
 b - a bread ration {@e1}


   Skills:
 - Level 3.0 Fighting
 - Level 2.4 Dodging
 - Level 3.0 Stealth
 + Level 4.9 Unarmed Combat


You had 2 spell levels left.
You didn't know any spells.

Dungeon Overview and Level Annotations

Branches:
Dungeon (1/15)

Altars:


Innate Abilities, Weirdness & Mutations

You cannot wear boots.
Your serpentine skin is tough (AC +1).
You have supernaturally acute eyesight.
Armour fits poorly on your strangely shaped body.
Your system is resistant to poisons.
You cover ground very slowly.
You can spit poison.


Message History

A bat is nearby!
The bat closely misses you. The bat hits you.
You take 1 damage, and have 20/21 hp.
You hit the bat.
You kill the bat!
You have reached level 2!
You regained 6 hp, and now have 26/28 hp.
MP restored: 2 Unknown command.
Found a stone staircase leading down.
A worm comes into view.
A worm is nearby!
A worm is nearby!
A worm is nearby!
You don't know any spells.
Okay, then.
You hit the worm but do no damage. You barely miss the worm.
The worm bites you!
You take 8 damage, and have 19/28 hp.
MASSIVE DAMAGE!!
You punch the worm! You hit the worm but do no damage.
The worm barely misses you.
You barely miss the worm. You hit the worm. The worm barely misses you.
You hit the worm. The worm misses you.
You punch the worm! You hit the worm. The worm bites you!
You take 7 damage, and have 14/28 hp.
MASSIVE DAMAGE!!
You hit the worm. You punch the worm!
You kill the worm!
You see here a worm corpse.
You butcher the worm corpse.
f - 2 chunks of flesh {@w0} You start resting.
You regained 9 hp, and now have 24/28 hp.
You start resting.
Health restored: 28 Unknown command.
A hobgoblin comes into view. It is wielding a club.
The hobgoblin shouts!
A hobgoblin is nearby!
A hobgoblin is nearby!
A hobgoblin is nearby!
An adder comes into view.
A hobgoblin comes into view. It is wielding a club.
You barely miss the hobgoblin. The hobgoblin barely misses you.
The hobgoblin shouts!
You hit the hobgoblin.
You kill the hobgoblin!
The adder bites you but does no damage. x2
You see here a club.
You hit the adder. The adder bites you.
You take 4 damage, and have 24/28 hp.
You closely miss the adder. The adder bites you. The adder barely misses you.
You take 4 damage, and have 20/28 hp.
You hit the adder. The adder bites you.
You are poisoned.
The adder poisons you!
You take 1 damage, and have 19/28 hp.
You hit the adder.
You kill the adder!
You have reached level 3!
Your experience leads to an increase in your attributes!
Increase (S)trength, (I)ntelligence, or (D)exterity?
You feel agile.
Your skin feels tougher.
You feel sick.
You regained 3 hp, and now have 22/34 hp.
MP restored: 3 You closely miss the hobgoblin.
The hobgoblin closely misses you.
You barely miss the hobgoblin.
You feel sick. The hobgoblin hits you with a club.
You take 4 damage, and have 18/34 hp.
You hit the hobgoblin. The hobgoblin barely misses you.
You hit the hobgoblin. You barely miss the hobgoblin.
The hobgoblin hits you with a club.
You take 2 damage, and have 16/34 hp.
You closely miss the hobgoblin.
You feel sick.
The hobgoblin hits you but does no damage.
You take 1 damage, and have 15/34 hp.
You barely miss the hobgoblin.
The hobgoblin hits you but does no damage.
You hit the hobgoblin.
You kill the hobgoblin!
You see here a club.
You feel sick.
You take 1 damage, and have 15/34 hp.
You now have 35 gold pieces (gained 6).
You start resting.
You feel sick.
You feel sick.
You are no longer poisoned.
You take 1 damage, and have 14/34 hp.
You start resting.
All of the chunks of flesh in your inventory have rotted away.
You regained 11 hp, and now have 25/34 hp.
Unknown command.
Found a stone staircase leading down.
Quiver which item? (- for none, * to show all) (? for menu, Esc to quit)
Okay, then.

#....######## #..###
#.#### #....# #.#
#########.#.# #.#
#....))...#.# #####.####
###.#########.#
#........# #.....# #.#
#..##..#.# #.....# #.#
#..##..#.# #.....#
####.### #..#†..#.#
#...@.# #......#
#..#.#.#.# #....>#
#>##.#.# #........#
####### #.##.#.#
####.##### #.#..#.#
#.######### #.#.##.#
#.#.......########.#.##.#
#.#.#####.......##......#
#.#.#####.#####.####.####
#......##.#####.####.#


There were no monsters in sight!

Vanquished Creatures
  An adder (D:1)
  A worm (D:1)
  A bat (D:1)
  A goblin (D:1)
  3 hobgoblins (D:1)
  2 jackals (D:1)
  A rat (D:1)
10 creatures vanquished.

Notes
Turn   | Place    | Note
--------------------------------------------------------------
     0 | D:1      | RobertPalmer, the Naga Monk, began the quest for the Orb.
     0 | D:1      | Reached XP level 1. HP: 21/21 MP: 1/1
   417 | D:1      | Reached XP level 2. HP: 26/28 MP: 2/2
   632 | D:1      | Reached XP level 3. HP: 23/34 MP: 3/3
   756 | D:1      | Quit the game

Action                   || total
-------------------------++-------
Melee: Unarmed           ||    44
 Stab: Sleeping          ||     2

Vault maps used:
D:1:      dpeg_arrival_rhombus

Table legend:
 A = Turns spent in this place as a percentage of turns spent in the entire game.
 B = Non-inter-level travel turns spent in this place as a percentage of non-inter-level travel turns spent in the entire game.
 C = Inter-level travel turns spent in this place as a percentage of turns spent in this place.
 D = Turns resting spent in this place as a percentage of non-inter-level travel turns spent in this place.
 E = Turns spent auto-exploring this place as a percentage of non-inter-level travel turns spent in this place.
 F = Non-inter-level travel turns spent in this place divided by the number of levels of this place that you've seen.
                   A       B       C       D       E      F
               +-------+-------+-------+-------+-------+----------------------
         Total | 100.0 | 100.0 |   0.0 |   6.9 |   6.2 | 160.0
       Dungeon | 100.0 | 100.0 |   0.0 |   6.9 |   6.2 | 160.0
               +-------+-------+-------+-------+-------+----------------------

Table legend:
 A = Kills in this place as a percentage of kills in entire the game.
 B = Kills by you in this place as a percentage of kills by you in the entire game.
 C = Kills by friends in this place as a percentage of kills by friends in the entire game.
 D = Other kills in this place as a percentage of other kills in the entire game.
 E = Experience gained in this place as a percentage of experience gained in the entire game.
 F = Experience gained in this place divided by the number of levels of this place that you have seen.
                   A       B       C       D       E      F
               +-------+-------+-------+-------+-------+----------------------
         Total | 100.0 | 100.0 |  -nan |  -nan | 100.0 |  36.0
       Dungeon | 100.0 | 100.0 |  -nan |  -nan | 100.0 |  36.0
               +-------+-------+-------+-------+-------+----------------------
